 Dungeon Crawl Stone Soup version 0.31-a0-354-g827e0957a7 (webtiles) character file.

Game seed: 8926557003278420787

610 Locuples the Trooper (level 7, -1/64 HPs)
             Began as a Minotaur Berserker on July 24, 2023.
             Was a Believer of Trog.
             Slain by a gnoll
             ... wielding a +0 halberd
              (11 damage)
             ... on level 4 of the Dungeon.
             The game lasted 00:05:10 (2175 turns).

Locuples the Trooper (Minotaur Berserker)           Turns: 2175, Time: 00:05:12

Health: -1/64      AC:  9    Str: 21    XL:     7   Next: 20%
Magic:  6/6        EV:  9    Int:  4    God:    Trog [**....]
Gold:   221        SH:  0    Dex: 12    Spells: 6/6 levels left

rFire   . . .        a - +0 hand axe
rCold   . . .        (no shield)
rNeg    . . .        c - +0 chain mail
rPois   .            (helmet restricted)
rElec   .            (no cloak)
rCorr   .            (no gloves)
SInv    .            (no boots)
Will    ++...        (no amulet) Stlth
                     (no ring)
HPRegen 1.30/turn    (no ring)
MPRegen 0.10/turn

%: no passive effects
@: strong-willed, on berserk cooldown, regenerating, slowed, very slow
A: horns 2, retaliatory headbutt
a: Renounce Religion, Berserk, Trog's Hand


You were on level 4 of the Dungeon.
You worshipped Trog.
Trog was pleased with you.
You visited 1 branch of the dungeon, and saw 4 of its levels.

You collected 221 gold pieces.

Inventory:

Hand Weapons
 a - a +0 hand axe (weapon)
Armour
 c - a +0 chain mail (worn)
Wands
 h - a wand of flame (8)
Scrolls
 b - a scroll of butterflies {unknown}
 f - 2 scrolls of amnesia {unknown}
 g - 2 scrolls of identify {unknown}
Potions
 d - a potion of curing {unknown}
 e - a potion of invisibility {unknown}
 i - a potion of heal wounds {unknown}


   Skills:
 * Level 6.8 Fighting
 + Level 6.7 Axes
 + Level 4.6 Armour
 + Level 3.1 Dodging


You had 6 spell levels left.
You didn't know any spells.
Your spell library was empty.

Dungeon Overview and Level Annotations

Branches:
Dungeon (4/15)             Temple (0/1) D:4

Altars:
Elyvilon
Kikubaaqudgha

Shops:
D:3 *(=


Innate Abilities, Weirdness & Mutations

You have a pair of horns on your head.
You reflexively headbutt those who attack you in melee.


Message History

You become entangled in the net!
You struggle against the net.
The gnoll hits you from afar with a +0 halberd.
The gnoll hits you but does no damage.
The gnoll hits you from afar with a +0 spear.
You tear a large gash into the net.
You feel a strong urge to attack something.
The gnoll hits you from afar with a +0 halberd. x2
You rip the net and break free!
The gnoll hits you from afar with a +0 spear.
The gnoll hits you but does no damage. x2
You feel your anger nearly subside.
You are no longer berserk.
You are exhausted.
You feel yourself slow down. The gnoll barely misses you.
The gnoll closely misses you.
The gnoll hits you from afar with a +0 spear.
Things that are here:
a +0 whip; a +0 leather armour You slash the gnoll!
You kill the gnoll!
Trog accepts your kill.
You hit the gnoll but do no damage. The gnoll barely misses you.
The gnoll hits you but does no damage.
The gnoll hits you from afar with a +0 halberd!
The gnoll closely misses you.
You barely miss the gnoll. You headbutt the gnoll.
The gnoll is moderately wounded.
The gnoll hits you from afar with a +0 spear.
The gnoll hits you from afar with a +0 halberd.
The gnoll barely misses you. The gnoll hits you with a +0 flail.
The gnoll hits you but does no damage.
The gnoll hits you from afar with a +0 halberd.
* * * LOW HITPOINT WARNING * * *
You hit the gnoll but do no damage. Your headbutt misses the gnoll.
You hit the gnoll. The gnoll closely misses you.
The gnoll hits you with a +0 flail!
* * * LOW HITPOINT WARNING * * *
The gnoll hits you but does no damage.
The gnoll hits you from afar with a +0 halberd!
You die...

#....#####...........<#
#.##.. ###......##.##
..###. ###....##.#
...... #.#..#..# ####..
#..#....## #. ##..####
#).....## ##.#........
#)@g......##
#g)#gg.....#
#............#
#...........##
#..?.........# #....
.......# #.... .......
#.... #.....#


You could see 4 gnolls.

Vanquished Creatures
  Sigmund (D:2)
  A steam dragon (D:3)
  A howler monkey (D:4)
  A jelly (D:4)
  A hound (D:4)
  A gnoll bouda (D:4)
  Terence (D:2)
  4 gnolls (D:4)
  5 adders
  An ufetubus (D:3)
  2 worms
  2 dart slugs
  An orc (D:3)
  10 ball pythons
  6 endoplasms
  2 giant cockroaches
  9 goblins
  3 hobgoblins
  4 jackals
  5 quokkas
  4 bats
  2 frilled lizards
  7 kobolds
  3 rats
77 creatures vanquished.

Notes
Turn   | Place    | Note
-------+----------+-------------------------------------------
     0 | D:1      | Locuples the Minotaur Berserker began the quest for the
                  | Orb.
     0 | D:1      | Reached XP level 1. HP: 19/19 MP: 0/0
   325 | D:1      | Reached XP level 2. HP: 27/27 MP: 1/1
   607 | D:2      | Noticed Terence
   611 | D:2      | Killed Terence
   612 | D:2      | Reached XP level 3. HP: 34/34 MP: 2/2
   866 | D:2      | Reached skill level 5 in Fighting
   894 | D:2      | Reached XP level 4. HP: 42/42 MP: 3/3
   902 | D:2      | Found a white marble altar of Elyvilon.
   922 | D:2      | Noticed Sigmund
   936 | D:2      | Killed Sigmund
   937 | D:2      | Reached skill level 5 in Axes
   937 | D:2      | Reached XP level 5. HP: 50/50 MP: 4/4
  1227 | D:2      | Reached ** piety under Trog
  1385 | D:3      | Found Beseiq's Jewellery Emporium.
  1393 | D:3      | Found Ribuilax's Antique Weapon Emporium.
  1425 | D:3      | Found Wastos's General Store.
  1431 | D:3      | Noticed a steam dragon
  1442 | D:3      | Killed a steam dragon
  1443 | D:3      | Reached XP level 6. HP: 58/58 MP: 5/5
  1614 | D:3      | Found an ancient bone altar of Kikubaaqudgha.
  1932 | D:4      | Found a staircase to the Ecumenical Temple.
  2078 | D:4      | Reached XP level 7. HP: 45/64 MP: 6/6
  2175 | D:4      | Slain by a gnoll

Illustrated notes

Levels and vault maps discovered:
D:1:      minmay_arrival_arboretum_small, layout_loops_ring
D:2:      layout_loops_ring, basic_altar, hex_tiny, uniq_terence, uniq_sigmund
D:3:      layout_rooms, lemuel_tele_altar, serial_shops,
          nicolae_shop_just_a_little_nook, shop, nicolae_square_shop
D:4:      layout_rooms, mainiacjoe_overflow_alcove_2, nzn_wu_jian_contemplation,
          minmay_temple_entry_hall, chequers_serial_rivers_small_3

Skill      XL: |  1  2  3  4  5  6 |
---------------+-------------------+-----
Fighting       | 4 5 6 |  6.8
Axes           | 4 5 6 |  6.7
Armour         | 3 4 |  4.6
Dodging        | 3 |  3.1

Action                     |  1- 3 |  4- 6 |  7- 9 || total
---------------------------+-------+-------+-------++-------
  Melee: Hand axe          |    57 |   114 |     8 ||   179
         Headbutt          |     9 |    16 |     3 ||    28
 Invoke: Berserk           |     1 |     2 |     1 ||     4
         Trog's Hand       |       |     1 |     1 ||     2
 Armour: Chain mail        |    26 |    60 |    10 ||    96
         Animal skin       |     3 |       |       ||     3
  Dodge: Dodged            |    23 |    59 |    13 ||    95

Table legend: (Time is in decaauts)
 A = Elapsed time spent in this place.
 B = Non-inter-level travel time spent in this place.
 C = Inter-level travel time spent in this place.
 D = Time resting spent in this place.
 E = Time spent auto-exploring this place.
 F = Levels seen in this place.
 G = Mean time per level.
                   A        B        C        D        E       F      G
               +--------+--------+--------+--------+--------+-----+--------+
         Total |   2214 |   2128 |     86 |     48 |   1468 |   4 |  553.5 |
       Dungeon |   2214 |   2128 |     86 |     48 |   1468 |   4 |  553.5 |
               +--------+--------+--------+--------+--------+-----+--------+

Top non-repeatable levels by time:
     D:2: 809 daAuts
     D:1: 572 daAuts
     D:3: 479 daAuts
     D:4: 352 daAuts
